 Dungeon Crawl Stone Soup version 0.29-a0-330-g52719c12eb (webtiles) character file.

Game seed: 11962382873151027727

39 Crownlay the Digger (level 3, -1/21 HPs)
             Began as an Octopode Earth Elementalist on Apr 24, 2022.
             Was a High Priest of Ignis.
             Frozen to death by an endoplasm (4 damage)
             ... on level 2 of the Dungeon.
             The game lasted 00:02:34 (1234 turns).

Crownlay the Digger (Octopode Earth Elementalist)   Turns: 1234, Time: 00:02:34

Health: -1/21      AC:  8    Str:  7    XL:     3   Next: 45%
Magic:  4/7        EV: 13    Int: 19    God:    Ignis [*****.]
Gold:   61         SH:  0    Dex: 12    Spells: 4/8 levels left

rFire   + . .      SeeInvis .   c - +2 dagger (venom)
rCold   . . .      Faith    .   (no shield)
rNeg    . . .      Spirit   .   (helmet restricted)
rPois   .          Reflect  .   (no amulet)
rElec   .          Harm     .   (no ring)
rCorr   .          Rampage  .   (no ring)
Will    .....                   (no ring)
Stlth   +++.......              (no ring)
HPRegen 0.07/turn               (no ring)
MPRegen 0.10/turn               (no ring)
                                (no ring)
                                (no ring)

@: fiery-armoured
A: almost no armour, amphibious, 8 rings, camouflage 1, gelatinous body 1,
(nimble swimmer 1), tentacles
a: Renounce Religion, Fiery Armour, Foxfire Swarm, Rising Flame


You were on level 2 of the Dungeon.
You worshipped Ignis.
Ignis was extremely pleased with you.
You visited 1 branch of the dungeon, and saw 2 of its levels.

You collected 85 gold pieces.
You spent 24 gold pieces at shops.

Inventory:

Hand Weapons
 c - a +2 dagger of venom (weapon)
Missiles
 a - 47 stones
Scrolls
 d - a scroll of amnesia {unknown}
Potions
 b - a potion of magic
 e - a potion of might {unknown}
 f - a potion of mutation {unknown}


   Skills:
 - Level 2.0 Dodging
 - Level 2.6 Stealth
 * Level 3.1 Spellcasting
 - Level 1.0 Transmutations
 + Level 3.5 Earth Magic


You had 4 spell levels left.
You knew the following spells:

 Your Spells              Type           Power      Damage    Failure   Level
a - Sandblast             Erth           32%        2d9       3%          1
b - Stone Arrow           Conj/Erth      18%        3d8       22%         3

Your spell library contained the following spells:

 Spells                   Type           Power      Damage    Failure   Level
 Passwall                 Tmut/Erth      9%         N/A       9%          2
 Petrify                  Tmut/Erth      11%        N/A       52%         4


Dungeon Overview and Level Annotations

Branches:
Dungeon (2/15)

Altars:
Ignis

Shops:
D:1 *


Innate Abilities, Weirdness & Mutations

You cannot wear most types of armour.
You are amphibious.
You can wear up to eight rings at the same time.
Your skin changes colour to match your surroundings (Stealth+).
Your rubbery body absorbs attacks. (AC +1, EV +1)
((You are camouflaged when in or above water. (Stealth+)))
You have tentacles for arms and can constrict up to eight enemies at once.


Message History

You are too injured to fight recklessly!
Casting: Sandblast (safe; 3% risk of failure)
Confirm with . or Enter, or press ? or * to list all spells.
Aiming: Sandblast (safe; 3% risk of failure)
Press: ? - help, Shift-Dir - straight line, f - worm
Aim: a worm (93% to hit)
The blast of sand hits the worm!
The worm is heavily wounded.
The adder bites you.
* * * LOW HITPOINT WARNING * * *
The worm misses you.
Casting: Sandblast (safe; 3% risk of failure)
Confirm with . or Enter, or press ? or * to list all spells.
Okay, then.
A protective cloak of flame settles atop you.
The ball python hisses angrily.
The adder barely misses you.
Casting: Sandblast (safe; 3% risk of failure)
Confirm with . or Enter, or press ? or * to list all spells.
Aiming: Sandblast (safe; 3% risk of failure)
Press: ? - help, Shift-Dir - straight line, f/p - worm
Aim: a worm (heavily wounded, 93% to hit)
The blast of sand hits the worm!
You kill the worm!
The adder bites you but does no damage.
The adder is burned by your cloak of flames.
The adder is moderately wounded.
The adder completely misses you.
Casting: Sandblast (safe; 3% risk of failure)
Confirm with . or Enter, or press ? or * to list all spells.
Aiming: Sandblast (safe; 3% risk of failure)
Press: ? - help, Shift-Dir - straight line, f - adder
Aim: an adder (moderately wounded, 66% to hit)
The blast of sand misses the adder.
The adder bites you but does no damage.
The adder is burned by your cloak of flames.
The adder is almost dead.
The ball python closely misses you. The ball python completely misses you.
The endoplasm freezes you.
You are frozen.
You die...

#..###...#)..#
#..##
##.....(# .?.#
#......# .?.
##.....# #
#.....##.#
#......#.##
##........#
#..##S##.#
#...#@# #
#...S#J..#
#...# #..#
#.#. ..# # .
.# .. .# #. #
#.


You could see an adder, an endoplasm and a ball python.

Vanquished Creatures
  A worm (D:2)
  A dart slug (D:1)
  5 endoplasms
  6 goblins (D:1)
  A hobgoblin (D:1)
  4 kobolds
  4 quokkas (D:1)
  2 ball pythons (D:1)
  3 bats (D:1)
  A frilled lizard (D:2)
  3 rats
31 creatures vanquished.

Notes
Turn   | Place    | Note
-------+----------+-------------------------------------------
     0 | D:1      | Crownlay the Octopode Earth Elementalist began the quest
                  | for the Orb.
     0 | D:1      | Reached XP level 1. HP: 11/11 MP: 3/3
    22 | D:1      | Found a faded altar of an unknown god.
    36 | D:1      | Prayed at the altar of an unknown god.
    36 | D:1      | Became a worshipper of Ignis, the Dying Flame
   156 | D:1      | Reached XP level 2. HP: 17/17 MP: 5/5
   287 | D:1      | Found Avojeg's Assorted Antiques.
   337 | D:1      | Bought a scroll labelled ERUAPL SUGAUTZ for 24 gold pieces
   685 | D:1      | Reached XP level 3. HP: 20/21 MP: 7/7
   689 | D:1      | Learned a level 3 spell: Stone Arrow
  1234 | D:2      | Frozen to death by an endoplasm

Illustrated notes

Levels and vault maps discovered:
D:1:      mrwooster_arrival_statue_2, layout_loops_ring, serial_shops,
          nicolae_shop_stone, chequers_ecumenical_altar_simple_redux
D:2:      kennysheep_six_static_rooms, layout_rooms, minmay_tall_x, uniq_robin

Skill      XL: |  1  2  3 |
---------------+----------+-----
Spellcasting   | 3 |  3.1
Dodging        | |  2.0
Stealth        | |  2.6
Transmutations | |  1.0
Earth Magic    | |  3.5

Action                   || total
-------------------------++-------
Melee: Dagger            ||    50
       Constrict         ||     9
       Tentacles         ||     6
 Cast: Sandblast         ||     7
Invok: Fiery Armour      ||     1
 Stab: Sleeping          ||     7
Armor: Skin              ||     5
Dodge: Dodged            ||    32

Table legend: (Time is in decaauts)
 A = Elapsed time spent in this place.
 B = Non-inter-level travel time spent in this place.
 C = Inter-level travel time spent in this place.
 D = Time resting spent in this place.
 E = Time spent auto-exploring this place.
 F = Levels seen in this place.
 G = Mean time per level.
                   A        B        C        D        E       F      G
               +--------+--------+--------+--------+--------+-----+--------+
         Total |   1233 |   1212 |     21 |      0 |   1013 |   2 |  616.5 |
       Dungeon |   1233 |   1212 |     21 |      0 |   1013 |   2 |  616.5 |
               +--------+--------+--------+--------+--------+-----+--------+

Top non-repeatable levels by time:
     D:1: 1180 daAuts
     D:2: 52 daAuts
